 Dungeon Crawl Stone Soup version 0.31.0-12-g77e489cdc1 (webtiles) character file.

Game seed: 14066775808388024453

17 H0rd4k the Charlatan (level 2, 0/18 HPs)
             Began as an Octopode Artificer on Feb 27, 2024.
             Succumbed to a scorpion's poison
             ... on level 2 of the Dungeon.
             The game lasted 00:00:38 (1044 turns).

H0rd4k the Charlatan (Octopode Artificer)           Turns: 1044, Time: 00:00:39

Health: 0/18       AC:  1    Str: 11    XL:     2   Next: 62%
Magic:  2/2        EV: 13    Int: 13    God:
Gold:   21         SH:  0    Dex: 12    Spells: 1/1 levels left

rFire   . .          .
                       - Unarmed
rCold   . . .        (no shield)
rNeg    . . .        (helmet restricted)
rPois   .            (no amulet)
rElec   .            (no ring)
rCorr   .            (no ring)
SInv    .            (no ring)
Will    .....        (no ring)
Stlth   +++          (no ring)
HPRegen 0.23/turn    (no ring)
MPRegen 0.08/turn    (no ring)
                     (no ring)

%: no passive effects
@: lethally poisoned (0 -> -5)
A: almost no armour, amphibious, 8 rings, camouflage 1, gelatinous body 1,
(nimble swimmer 1), tentacles
a: no special abilities


You were on level 2 of the Dungeon.
You visited 1 branch of the dungeon, and saw 2 of its levels.

You collected 21 gold pieces.

Inventory:

Wands
 b - a wand of flame (15) (quivered)
 c - a wand of charming (14)
 d - a wand of iceblast (5)
Scrolls
 a - a scroll of teleportation {unknown}
 e - 2 scrolls of amnesia {unknown}
 f - a scroll of vulnerability {unknown}
 g - 4 scrolls of identify {unknown}


   Skills:
 + Level 1.2 Fighting
 - Level 2.3 Dodging
 - Level 1.3 Stealth
 + Level 2.0 Unarmed Combat
 - Level 3.2 Evocations


You had one spell level left.
You didn't know any spells.
Your spell library was empty.

Dungeon Overview and Level Annotations

Branches:
Dungeon (2/15)

Altars:


Innate Abilities, Weirdness & Mutations

You cannot wear most types of armour.
You are amphibious.
You can wear up to eight rings at the same time.
Your skin changes colour to match your surroundings (Stealth+).
Your rubbery body absorbs attacks. (AC +1, EV +1)
((You are camouflaged when in or above water. (Stealth+)))
You have tentacles for arms and can constrict up to eight enemies at once.


Message History

A scorpion comes into view.
A goblin comes into view. It is wielding a +0 club.
There are monsters nearby!
You see here a scroll labelled BITEHEFALO.
There are monsters nearby!
The goblin shouts!
You tentacle-slap the scorpion. You grab the scorpion.
The scorpion is moderately wounded.
You constrict the scorpion. The scorpion stings you.
There are monsters nearby!
You tentacle-slap the scorpion. You squeeze the scorpion.
The scorpion is heavily wounded.
You constrict the scorpion, but do no damage.
The scorpion barely misses you.
You release your grip on the scorpion.
The scorpion attacks as it pursues you! The scorpion barely misses you.
The scorpion closely misses you.
You closely miss the scorpion. Your grab misses the scorpion.
You squeeze the scorpion, but do no damage.
The scorpion is heavily wounded.
The scorpion stings you.
You are lethally poisoned!
The scorpion poisons you!
You closely miss the scorpion. Your grab misses the scorpion.
The scorpion is heavily wounded.
You feel very sick. The scorpion stings you.
Aiming: Charm
Press: ? - help, Shift-Dir - straight line, f - scorpion
Aim: a scorpion (heavily wounded, chance to affect: 57%)
The scorpion is charmed.
* * * LOW HITPOINT WARNING * * *
You feel very sick.
The goblin closely misses your scorpion.
You aren't carrying any potions.
* * * LOW HITPOINT WARNING * * *
You feel sick.
* * * LOW HITPOINT WARNING * * *
You feel sick.
You die...

##.#.#................
##.....#####........#
#...### #..).....#
#)..# ###......# ##.#)#
#......# ...#.####
#......### ..##....##
#........# ..##.....##
###....).# ..........##
#..@.....#
...........###........#
.............#s.......#
##(.......##.g##......#
##.##.#######.##......#
##..#.#.....?.......###
#.....##.####.#####.#
#........# #... .#
......#### #..## #


You could see a goblin and a friendly scorpion (charmed).

Vanquished Creatures
  A dart slug (D:1)
  2 bats
  2 endoplasms (D:1)
  2 goblins
  A hobgoblin (D:1)
  2 ball pythons (D:1)
  A frilled lizard (D:2)
  A kobold (D:1)
  3 rats (D:1)
15 creatures vanquished.

Notes
Turn   | Place    | Note
-------+----------+-------------------------------------------
     0 | D:1      | H0rd4k the Octopode Artificer began the quest for the Orb.
     0 | D:1      | Reached XP level 1. HP: 13/13 MP: 1/1
   388 | D:1      | Reached skill level 1 in Unarmed Combat
   418 | D:1      | Reached XP level 2. HP: 18/18 MP: 2/2
  1033 | D:2      | Noticed a scorpion
  1044 | D:2      | Succumbed to a scorpion's poison

Illustrated notes

Levels and vault maps discovered:
D:1:      roadster_arrival_rocket_small, layout_basic
D:2:      layout_basic

Skill      XL: |  1  2 |
---------------+-------+-----
Unarmed Combat | 1 2 |  2.0
Fighting       | |  1.2
Dodging        | |  2.3
Stealth        | |  1.3
Evocations     | |  3.2

Action                     || total
---------------------------++-------
  Melee: Unarmed           ||    35
         Constrict         ||     8
         Tentacles         ||     8
  Evoke: Wand              ||     1
   Stab: Sleeping          ||     3
 Armour: Skin              ||    15
  Dodge: Dodged            ||    17
